 Dungeon Crawl Stone Soup version 0.29.0-7-g18a832c13a (webtiles) character file.

Game seed: 17238170531663604730

625 sanka the Ruffian (level 7, -5/68 HPs)
             Began as a Troll Cinder Acolyte on Aug 30, 2022.
             Was a High Priest of Ignis.
             Slain by a gnoll
             ... wielding a +0 spear
              (7 damage)
             ... on level 5 of the Dungeon.
             The game lasted 00:04:20 (3225 turns).

sanka the Ruffian (Troll Cinder Acolyte)            Turns: 3225, Time: 00:04:21

Health: -5/68      AC:  4    Str: 23    XL:     7   Next: 23%
Magic:  8/8        EV: 10    Int: 10    God:    Ignis [*****.]
Gold:   254        SH:  0    Dex:  7    Spells: 8/8 levels left

rFire   + . .      SeeInvis +     - Unarmed
rCold   . . .      Faith    .   (no shield)
rNeg    . . .      Spirit   .   a - +0 robe
rPois   .          Reflect  .   (helmet restricted)
rElec   .          Harm     .   (no cloak)
rCorr   +          Rampage  .   (gloves unavailable)
Will    .....                   (boots unavailable)
Stlth   +.........              (no amulet)
HPRegen 1.01/turn               j - ring of see invisible
MPRegen 0.11/turn               i - ring of resist corrosion

@: no status effects
A: large, unfitting armour, claws 3, regeneration 1, shaggy fur 1, tough skin 1
a: Renounce Religion, Fiery Armour, Foxfire Swarm, Rising Flame


You were on level 5 of the Dungeon.
You worshipped Ignis.
Ignis was extremely pleased with you.
You visited 1 branch of the dungeon, and saw 5 of its levels.

You collected 254 gold pieces.


Innate Abilities, Weirdness & Mutations

You are too large for most types of armour.
You have claws for hands.
Your natural rate of healing is unusually fast.
You are covered in fur. (AC +1)
You have tough skin. (AC +1)


   Skills:
 + Level 3.8 Fighting
 + Level 2.7 Dodging
 * Level 5.6 Unarmed Combat
 - Level 1.0 Spellcasting
 - Level 2.1 Fire Magic
 + Level 3.0 Invocations


You had 8 spell levels left.
You didn't know any spells.
Your spell library contained the following spells:

 Spells                   Type           Power      Damage    Failure   Level
 Scorch                   Fire           8%         2d5       22%         2
 Call Canine Familiar     Summ           0%         N/A       71%         3
 Gell's Gravitas          Tloc           0%         N/A       71%         3
 Lesser Beckoning         Tloc           0%         N/A       71%         3
 Portal Projectile        Hex/Tloc       0%         N/A       71%         3
 Summon Guardian Golem    Hex/Summ       0%         N/A       71%         3
 Teleport Other           Tloc           0%         N/A       71%         3
 Leda's Liquefaction      Hex/Erth       0%         N/A       98%         4
 Necromutation            Tmut/Necr      0%         N/A       100%        8
 Death's Door             Necr           0%         N/A       100%        9

Inventory:

Armour
 a - a +0 robe (worn)
Magical Staves
 x - a staff of cold
Jewellery
 i - a ring of resist corrosion (right claw)
 j - a ring of see invisible (left claw)
 y - a ring of fire
Scrolls
 d - a scroll of torment {unknown}
 e - a scroll of magic mapping {unknown}
 g - 3 scrolls of teleportation {unknown}
 k - 2 scrolls of amnesia {unknown}
 l - 2 scrolls of noise {unknown}
 n - a scroll of enchant armour {unknown}
 o - 3 scrolls of identify {unknown}
 q - 2 scrolls of fog {unknown}
 r - a scroll of silence {unknown}
 s - 2 scrolls of enchant weapon {unknown}
 t - a scroll of blinking {unknown}
 w - a scroll of poison {unknown}
Potions
 b - 2 potions of flight {unknown}
 c - a potion of mutation {unknown}
 f - 3 potions of heal wounds {unknown}
 h - a potion of degeneration {unknown}
 m - a potion of might {unknown}
 p - a potion of curing {unknown}
 u - 2 potions of resistance {unknown}
 v - a potion of attraction {unknown}
 z - a potion of haste {unknown}
 A - 2 potions of ambrosia {unknown}

Dungeon Overview and Level Annotations

Branches:
Dungeon (5/15)
 Temple: D:4-7

Altars:
Dithmenos
Elyvilon
Fedhas
Hepliaklqana
Kikubaaqudgha

Annotations:
D:4 1 runed translucent door, Crazy Yiuf

▒▒.......▒
▒▒........▒ ▒
.........▒ ▒▒.
........▒
▒..▒▒....<..▒
▒..▒.......▒
▒......▒▒▒
▒▒▒T....†(.▒
▒▒gg▒▒<..▒▒▒▒
▒▒..g)▒..▒▒ ▒
▒▒.▒▒...).▒▒.▒..
▒▒▒.<.............
▒.........>..▒....
▒.......)......▒
▒▒.
▒...............▒
.........).........


You could see 3 gnolls.


Message History

The orc is almost dead.
The orc hits you with a +0 dagger.
You scratch the orc.
You kill the orc!
The orc wizard misses you. The gnoll hits you with a +0 club.
Items here: )) [[.
You claw the orc wizard!
You kill the orc wizard!
The gnoll hits you with a +0 club. The gnoll hits you with a +0 spear.
* * * LOW HITPOINT WARNING * * *
You claw the gnoll!
The gnoll is severely wounded.
The gnoll hits you with a +0 spear.
* * * LOW HITPOINT WARNING * * *
The gnoll hits you with a +0 flail!
* * * LOW HITPOINT WARNING * * *
The gnoll hits you with a +0 club.
* * * LOW HITPOINT WARNING * * *
The gnoll attacks as you move away! The gnoll hits you with a +0 club.
* * * LOW HITPOINT WARNING * * *
The gnoll attacks as you move away! The gnoll barely misses you.
The gnoll attacks as you move away! The gnoll hits you with a +0 flail!
* * * LOW HITPOINT WARNING * * *
The gnoll hits you from afar with a +0 spear!
You die...

Action                   |  1- 3 |  4- 6 |  7- 9 || total
-------------------------+-------+-------+-------++-------
Melee: Unarmed           |   137 |   110 |    21 ||   268
       Punch             |     1 |     4 |     1 ||     6
Invok: Fiery Armour      |       |     1 |       ||     1
Armor: Robe              |    59 |    38 |    10 ||   107
Dodge: Dodged            |    73 |    71 |    15 ||   159

Levels and vault maps discovered:
D:1:      minmay_arrival_four_loops, layout_loops_ring, serial_glass,
          glass_columns_b, glass_columns_a, glass_columns_a, glass_columns_c,
          glass_columns_b
D:2:      layout_rooms, shapermc_ecumenical_altar_ellora, minmay_pentomino_u4
D:3:      layout_basic, mainiacjoe_overflow_catch_the_wave, serial_rivers,
          chequers_serial_rivers_room_a, chequers_serial_rivers_micro_a,
          chequers_serial_rivers_micro_c, chequers_serial_rivers_micro_b,
          chequers_serial_rivers_micro_b, chequers_serial_rivers_large_a
D:4:      layout_cave_pools, kiku_gazebo_garden_becter, kennysheep_mini_moat,
          lemuel_tele_altar, serial_column_ruins, column_ruins_hut,
          column_ruins_square_medium, column_ruins_grid_4,
          column_ruins_open_tiny, column_ruins_corridor_straight,
          column_ruins_corridor_dead_end, grunt_tough_drop, uniq_pargi,
          uniq_crazy_yiuf_cottage
D:5:      layout_cave_pools, evilmike_ruin_ashenzari, slow_altar_2,
          minmay_temple_entry_arrows, uniq_sigmund

Notes
Turn   | Place    | Note
-------+----------+-------------------------------------------
     0 | D:1      | sanka the Troll Cinder Acolyte began the quest for the Orb.
     0 | D:1      | Reached XP level 1. HP: 22/22 MP: 1/1
   126 | D:1      | Reached XP level 2. HP: 25/29 MP: 2/2
   516 | D:1      | Reached skill level 1 in Invocations
   586 | D:1      | Reached XP level 3. HP: 31/36 MP: 3/3
   625 | D:1      | Reached skill level 1 in Dodging
  1064 | D:2      | Reached XP level 4. HP: 44/44 MP: 4/4
  1176 | D:2      | Found a faded altar of an unknown god.
  1194 | D:2      | Got the Essays on Ghastly Mustering
  1260 | D:3      | Found a shadowy altar of Dithmenos.
  1295 | D:3      | Found a white marble altar of Elyvilon.
  2189 | D:3      | Reached skill level 3 in Fighting
  2434 | D:4      | Reached skill level 4 in Unarmed Combat
  2449 | D:4      | Found a blossoming altar of Fedhas.
  2563 | D:4      | Found an ancient bone altar of Kikubaaqudgha.
  2635 | D:4      | Reached XP level 5. HP: 53/53 MP: 5/5
  2640 | D:4      | Noticed Pargi
  2662 | D:4      | Killed Pargi
  2663 | D:4      | Reached skill level 2 in Dodging
  2663 | D:4      | Reached skill level 2 in Invocations
  2720 | D:4      | Reached XP level 6. HP: 61/61 MP: 6/6
  2758 | D:4      | Found a runed translucent door.
  2759 | D:4      | Noticed Crazy Yiuf
  2866 | D:4      | Found a hazy altar of Hepliaklqana.
  3045 | D:5      | Entered Level 5 of the Dungeon
  3068 | D:5      | Noticed Sigmund
  3078 | D:4      | Reached skill level 5 in Unarmed Combat
  3181 | D:5      | Killed Sigmund
  3182 | D:5      | Reached XP level 7. HP: 50/68 MP: 6/8
  3200 | D:5      | Reached skill level 3 in Invocations
  3225 | D:5      | HP: 1/68 [gnoll/+0 flail (8)]
  3225 | D:5      | Slain by a gnoll

Vanquished Creatures
  Sigmund (D:5)
  Pargi (D:4)
  A scorpion (D:4)
  2 orc priests
  2 hounds
  An iguana (D:4)
  An orc wizard (D:5)
  4 adders
  2 worms
  4 dart slugs
  10 orcs
  10 endoplasms
  5 giant cockroaches
  5 goblins
  3 hobgoblins
  5 jackals
  3 quokkas
  10 ball pythons
  5 bats
  3 frilled lizards
  10 kobolds
  6 rats
94 creatures vanquished.
